 Dungeon Crawl Stone Soup version 0.27-a0-1065-ge809cff456 (webtiles) character file.

Game seed: 17985641833956392480

206 kae the Ruffian (level 5, 0/41 HPs)
             Began as a Draconian Transmuter on Apr 22, 2021.
             Slain by an ogre
             ... wielding a +0 giant club
              (31 damage)
             ... on level 4 of the Dungeon.
             The game lasted 00:01:27 (3621 turns).

kae the Ruffian (Draconian Transmuter)              Turns: 3621, Time: 00:01:28

Health: 0/41       AC:  2    Str: 13    XL:     5   Next: 53%
Magic:  6/9        EV: 19    Int: 13    God:
Gold:   203        SH:  0    Dex: 17    Spells: 5/9 levels left

rFire    . . .     SeeInvis .     - Unarmed
rCold    . . .     Faith    .   (shield currently unavailable)
rNeg     . . .     Spirit   .   (armour unavailable)
rPois    x         Reflect  .   (helmet currently unavailable)
rElec    .         Harm     .   (cloak currently unavailable)
rCorr    .         Rampage  .   (gloves currently unavailable)
Will     .....                  (boots currently unavailable)
Stlth    ++........             (no amulet)
HPRegen  0.13/turn              (no ring)
MPRegen  0.11/turn              (no ring)

@: spider-form
A: venomous fangs, AC +5, tiny, unfitting armour, (cold-blooded)
a: End Transformation


You were on level 4 of the Dungeon.
You were a venomous arachnid creature.
You visited 1 branch of the dungeon, and saw 4 of its levels.

You collected 203 gold pieces.

Inventory:

Jewellery
 h - a +4 ring of protection
Scrolls
 c - a scroll of amnesia {unknown}
Potions
 a - a potion of mutation
 b - 2 potions of might
 d - 2 potions of heal wounds
 e - a potion of flight {unknown}
 j - a potion of degeneration {unknown}


   Skills:
 + Level 2.0 Fighting
 + Level 2.3 Dodging
 * Level 4.1 Unarmed Combat
 + Level 2.7 Spellcasting
 * Level 3.2 Transmutations
 * Level 1.8 Poison Magic


You had 5 spell levels left.
You knew the following spells:

 Your Spells              Type           Power      Damage    Failure   Level
a - Beastly Appendage     Tmut           20%        N/A       17%         1
b - Spider Form           Tmut/Pois      4%         N/A       47%         3

Your spell library contained the following spells:

 Spells                   Type           Power      Damage    Failure   Level
 Wereblood                Tmut           10%        N/A       24%         2
 Passwall                 Tmut/Erth      5%         N/A       38%         2
 Sandblast                Erth           2%         2d4       45%         1
 Stone Arrow              Conj/Erth      2%         3d7       77%         3
 Ice Form                 Ice/Tmut       6%         N/A       90%         4
 Petrify                  Tmut/Erth      6%         N/A       90%         4
 Hydra Form               Tmut           5%         N/A       95%         5
 Lee's Rapid Deconstruct  Erth           0%         3d5*      100%        5


Dungeon Overview and Level Annotations

Branches:
Dungeon (4/15)
 Temple: D:4-7

Altars:
Uskayaw
Vehumet

Annotations:
D:4 exclusion: ogre


Innate Abilities, Weirdness & Mutations

You are a venomous arachnid creature.
You have poisonous fangs.
You are tiny and dextrous.
Your spellcasting is less reliable in this form.
Your armour is entirely melded.
You are incapable of wielding weapons or throwing items.
((Your plain brown scales are hard. (AC +5)))
You cannot fit into any form of body armour.
((You are cold-blooded and may be slowed by cold attacks.))


Message History

You completely miss the hound skeleton. Your kick misses the hound skeleton.
You headbutt the hound skeleton.
The hound skeleton is almost destroyed.
The hound skeleton bites you but does no damage.
The hound skeleton bites you.
You hit the hound skeleton.
You destroy the hound skeleton!
Your transformation is almost over.
Your horns disappear.
Your talons disappear.
c - a scroll labelled APAFAR ZAIDGH
e - a fuming inky potion No target in view!
No target in view!
You now have 203 gold pieces (gained 15).
There is an escape hatch in the ceiling here.
There is a stone staircase leading up here.
Key pressed, stopping explore.
There is an escape hatch in the floor here.
Done exploring.
Done exploring.
Done exploring.
Done exploring.
Casting: Beastly Appendage (safe; 6% risk of failure)
Confirm with . or Enter, or press ? or * to list all spells.
The spell is quite dangerous to cast (26% risk of failure)!
Continue anyway? [Y]es or [N]o only, please.
The spell is quite dangerous to cast (26% risk of failure)!
Continue anyway?
You turn into a venomous arachnid creature.
Really crawl into a travel-excluded area? [Y]es or [N]o only, please.
Really crawl into a travel-excluded area?
The ogre shouts!
The ogre hits you with a +0 giant club!
You hit the ogre.
The ogre is poisoned.
The ogre is moderately wounded.
You hit the ogre.
The ogre is moderately wounded.
The ogre hits you with a +0 giant club!!
Ouch! That really hurt!
You die...

).##...#..##.....................
..###..#...#............>.##.....
..###..................##.##.....
...#.......##....##.....#.#......
...#..............##......##....<
.#..........#.............##..#..
##.........###.##...###.......#..
#..........##..##.....#......###.
................sO........##.###.
#.................#......###.##..
#.............#.....#..........(#
##............#........##........
##.....<......#....#....##..##...
...#...........#.....#..#.^.#....
..#............#.....#....).[....
.......................#.##....)#
#......#...............###...#.##


You could see an ogre (very poisoned).

Vanquished Creatures
  A jelly (D:4)
  An iguana (D:4)
  2 hound skeletons (D:4)
  5 adders
  An adder skeleton (D:4)
  2 worms
  6 dart slugs
  3 orcs (D:3)
  2 endoplasms (D:3)
  3 giant cockroaches
  9 hobgoblins
  7 kobolds
  A quokka (D:2)
  5 ball pythons
  3 bats
  4 frilled lizards
  3 goblins
  A quokka skeleton (D:4)
  4 rats
63 creatures vanquished.

Vanquished Creatures (others)
  3 fungi (D:2)
  5 plants (D:2)
8 creatures vanquished.

Grand Total: 71 creatures vanquished

Notes
Turn   | Place    | Note
-------+----------+-------------------------------------------
     0 | D:1      | kae the Draconian Transmuter began the quest for the Orb.
     0 | D:1      | Reached XP level 1. HP: 16/16 MP: 3/3
   223 | D:1      | Reached XP level 2. HP: 13/23 MP: 3/5
  1480 | D:2      | Reached XP level 3. HP: 28/28 MP: 6/6
  1487 | D:2      | Learned a level 3 spell: Spider Form
  1878 | D:2      | Reached XP level 4. HP: 23/35 MP: 5/7
  2199 | D:2      | You fall into a shaft and drop 1 floor!
  2236 | D:3      | Reached skill level 1 in Poison Magic
  2326 | D:3      | Found a hide-covered altar of Uskayaw.
  2354 | D:3      | Found a radiant altar of Vehumet.
  2934 | D:4      | Reached XP level 5. HP: 31/41 MP: 4/8
  3080 | D:4      | Noticed an ogre
  3270 | D:4      | Reached skill level 4 in Unarmed Combat
  3621 | D:4      | Slain by an ogre

Illustrated notes

Levels and vault maps discovered:
D:1:      mrwooster_arrival_arrow, layout_basic
D:2:      minmay_spotlight, layout_basic,
          shapermc_ecumenical_altar_mp_urbaneastern, serial_curves,
          eino_curves_01, eino_curves_01
D:3:      layout_loops_cross, grunt_temple_overflow_open
D:4:      layout_cave_pools

Skill      XL: |  1  2  3  4  5 |
---------------+----------------+-----
Dodging        | 2 |  2.3
Poison Magic   | 1 |  1.8
Transmutations | 3 |  3.2
Fighting       | 2 |  2.0
Unarmed Combat | 4 |  4.1
Spellcasting   | |  2.7

Action                   |  1- 3 |  4- 6 || total
-------------------------+-------+-------++-------
Melee: Unarmed           |    93 |    83 ||   176
       Kick              |    14 |     9 ||    23
       Tailslap          |    10 |     9 ||    19
       Headbutt          |     9 |    13 ||    22
       Punch             |     2 |     1 ||     3
 Cast: Beastly Appendage |    26 |    20 ||    46
       Spider Form       |       |     2 ||     2
  Use: Scroll            |     4 |     5 ||     9
Armor: Skin              |    34 |    20 ||    54
Dodge: Dodged            |    81 |    53 ||   134

Table legend: (Time is in decaauts)
 A = Elapsed time spent in this place.
 B = Non-inter-level travel time spent in this place.
 C = Inter-level travel time spent in this place.
 D = Time resting spent in this place.
 E = Time spent auto-exploring this place.
 F = Levels seen in this place.
 G = Mean time per level.
                   A        B        C        D        E       F      G
               +--------+--------+--------+--------+--------+-----+--------+
         Total |   3609 |   3549 |     60 |      0 |   3058 |   4 |  902.2 |
       Dungeon |   3609 |   3549 |     60 |      0 |   3058 |   4 |  902.2 |
               +--------+--------+--------+--------+--------+-----+--------+

Top non-repeatable levels by time:
     D:1: 1349 daAuts
     D:2: 842 daAuts
     D:3: 721 daAuts
     D:4: 696 daAuts
